 Dungeon Crawl Stone Soup version 0.21-a0-401-g0b6bec4 (webtiles) character file.

577302 EvilAshe the Acrobat (level 25, -30/160 HPs)
             Began as a Deep Elf Earth Elementalist on Oct 23, 2017.
             Was the Champion of Elyvilon.
             Blown up by an ancient lich (116 damage)
             ... with an orb of destruction
             ... on level 5 of the Realm of Zot on Oct 24, 2017.
             The game lasted 05:59:42 (100135 turns).

EvilAshe the Acrobat (DEEE)                       Turns: 100135, Time: 05:59:43

Health: -30/160    AC: 28    Str:  4    XL:     25   Next: 82%
Magic:  7/48       EV: 35    Int: 36    God:    Elyvilon [******]
Gold:   7047       SH: 12    Dex: 22    Spells: 26/72 levels left

rFire    . . .     SeeInvis +   i - staff of wizardry
rCold    . . .     Gourm    .   n - +2 buckler
rNeg     + + .     Faith    .   R - +4 steam dragon scales
rPois    +         Spirit   .   r - +1 helmet of the Dropbear {+Inv rCorr Dex+6}
rElec    .         Reflect  +   v - +2 ratskin cloak {+Rats rPois rN+ Str-1 Int-1 Dex+1}
rCorr    +         Harm     .   X - +0 pair of gloves of Sin {rN+}
MR       ++...     Rnd*Rage +   Z - +0 pair of boots of Hadjma {Int+4}
Stlth    +++.......             E - +4 amulet of reflection (curse)
HPRegen  0.36/turn              N - ring of see invisible
MPRegen  0.31/turn              x - ring of Robustness {AC+8}

@: very slightly contaminated, studying Dodging, deflect missiles
A: berserk 1, low mp 1, MP-powered wands
}: 3/15 runes: decaying, serpentine, silver
a: Lesser Healing, Heal Other, Purification, Greater Healing, Divine Vigour,
Divine Protection, Renounce Religion, Evoke Ratskin, Evoke Invisibility


You were on level 5 of the Realm of Zot.
You worshipped Elyvilon.
Elyvilon was exalted by your worship.
You were not hungry.

You visited 8 branches of the dungeon, and saw 46 of its levels.
You also visited: Bailey.

You collected 7947 gold pieces.
You spent 900 gold pieces at shops.

Inventory:

Missiles
 K - 301 stones (quivered)
Armour
 n - a +2 buckler (worn)
 r - the +1 helmet of the Dropbear (worn) {+Inv rCorr Dex+6}
   (You acquired it on level 2 of the Orcish Mines)

   It affects your dexterity (+6).
   It lets you turn invisible.
   It protects you from acid and corrosion.
 v - the +2 ratskin cloak (worn) {+Rats rPois rN+ Str-1 Int-1 Dex+1}
   (You found it on level 2 of the Lair of Beasts)

   It affects your strength (-1).
   It affects your intelligence (-1).
   It affects your dexterity (+1).
   It protects you from poison.
   It protects you from negative energy.
 R - +4 steam dragon scales (worn)
 X - the +0 pair of gloves of Sin (worn) {rN+}
   (You found it on level 4 of the Lair of Beasts)

   It protects you from negative energy.
 Z - the +0 pair of boots of Hadjma (worn) {Int+4}
   (You acquired it in a bailey)

   It affects your intelligence (+4).
Magical Staves
 i - an uncursed staff of wizardry (weapon)
 T - an uncursed staff of earth
Jewellery
 c - an uncursed ring of protection from cold
 x - the ring of Robustness (right hand) {AC+8}
   (You took it off a deep elf annihilator on level 4 of the Depths)

   [ring of protection]

   It affects your AC (+8).
 y - an uncursed ring of protection from fire
 B - an uncursed ring of protection from magic
 E - a cursed +4 amulet of reflection (around neck)
 G - an uncursed ring of protection from fire
 N - a ring of see invisible (left hand)
 Y - the ring of Qudoc {rElec MR+ Str+2 Int+4 Stlth+}
   (You found it on level 3 of the Swamp)

   [ring of strength]

   It affects your strength (+2).
   It affects your intelligence (+4).
   It insulates you from electricity.
   It affects your resistance to hostile enchantments.
   It makes you more stealthy.
Wands
 b - a wand of paralysis (12/24)
 j - a wand of paralysis (16/24)
 k - a wand of digging (11/24)
 t - a wand of paralysis (13/24)
 u - a wand of acid (8/15)
 F - a wand of acid (1/15)
 H - a wand of lightning (9/15)
Scrolls
 a - 13 scrolls of remove curse
 e - 9 scrolls of identify
 h - 9 scrolls of recharging
 l - a scroll of fear
 m - 6 scrolls of fog
 q - 11 scrolls of teleportation
 z - 2 scrolls of silence
 J - 4 scrolls of summoning
 V - 3 scrolls of blinking
 W - a scroll of magic mapping
Potions
 f - 3 potions of haste
 g - 21 potions of curing
 o - 6 potions of cancellation
 p - 7 potions of brilliance
 w - 4 potions of resistance
 C - 6 potions of heal wounds
 I - 5 potions of flight
 Q - 2 potions of invisibility
Books
 P - a manual of Dodging
Comestibles
 d - 26 bread rations
 A - 5 meat rations


   Skills:
 + Level 16.8 Fighting
 - Level 10.0 Armour
 + Level 25.3 Dodging
 - Level 2.4 Stealth
 - Level 4.0 Shields
 + Level 24.2 Spellcasting
 - Level 6.7 Conjurations
 - Level 6.2 Charms
 - Level 1.0 Translocations
 - Level 10.1 Transmutations
 - Level 0.5 Air Magic
 - Level 22.0 Earth Magic
 + Level 12.5 Invocations
 + Level 10.4 Evocations


You had 26 spell levels left.
You knew the following spells:

 Your Spells              Type           Power        Failure   Level  Hunger
a - Sandblast             Erth           ######       0%          1    None
b - Blink                 Tloc           N/A          1%          2    None
c - Magic Dart            Conj           ####         1%          1    None
e - Lee's Rapid Deconstr  Erth           ########..   0%          5    None
h - Shatter               Erth           ########..   2%          9    ####...
i - Iron Shot             Conj/Erth      #######...   1%          6    None
p - Petrify               Tmut/Erth      ########     0%          4    None
q - Deflect Missiles      Chrm/Air       ######....   9%          6    None
s - Swiftness             Chrm/Air       ######..     1%          2    None
t - Stone Arrow           Conj/Erth      ######       0%          3    None
w - Passwall              Tmut/Erth      ########..   0%          2    None
z - Iskenderun's Battles  Conj/Chrm      ######..     1%          5    None


Dungeon Overview and Level Annotations

Branches:
Dungeon (15/15)            Temple (0/1) D:5            Lair (6/6) D:10
  Swamp (4/4) Lair:4        Snake (4/4) Lair:3        Slime (0/5) Lair:5
    Orc (2/2) D:10            Elf (0/3) Orc:2        Vaults (5/5) D:13
  Crypt (0/3) Vaults:3     Depths (5/5) D:15            Zot (5/5) Depths:5

Altars:
Dithmenos
Elyvilon
Fedhas
Gozag
Kikubaaqudgha
Nemelex Xobeh
Sif Muna
Trog
Vehumet
Xom
Yredelemnul
Jiyva

Shops:
D:4 :%   D:7 :   D:15 [   Orc:2 !*[*   Vaults:1 (

Portals:
Hell: Depths:1 Depths:2 Depths:3 Depths:4 Depths:5
Abyss: Depths:1 Depths:2 Depths:4
Pandemonium: Depths:3 Depths:4
Ziggurat: Depths:4
Trove: Vaults:2 (give +6 demon whip)

Annotations:
D:10 exclusion: obsidian statue
Lair:3 exclusion: oklob plant
Lair:5 Kirke
Lair:6 exclusion: oklob plant
Snake:3 Bai Suzhen; Nikola
Snake:4 ohados's ghost, adept NaTm
Zot:5 1 exclusion


Innate Abilities, Weirdness & Mutations

You tend to lose your temper in combat.
Your magical capacity is low. (-10% MP)
You expend magic power (3 MP) to strengthen your wands.


Message History

The bolt of lightning misses you.
An orb of destruction comes into view.
The ancient lich touches your battlesphere!
The orb of destruction hits you!
The ancient lich gestures at you while chanting.
The bolt of lightning hits your battlesphere.
Your battlesphere completely resists.
The bolt of lightning misses you. x2
Casting: Stone Arrow
Confirm with . or Enter, or press ? or * to list all spells.
You don't have enough magic to cast that spell.
The ancient lich points at you and mumbles some strange words.
You deflect the bolt of lightning!
The ancient lich conjures a glowing orb.
An orb of destruction comes into view.
The ancient lich conjures a glowing orb.
An orb of destruction comes into view.
The orb of destruction hits you!
Ouch! That really hurt!
You die...

#### ######################
##..###...#...⌠*@..........#
..⌠......§L*§§§§.[.....⌠...#
§§#.###...#...##########...#
..### #####...# #.....# ..#
##### #.....# ##.# #.....#
## #.....# ####..# #..#


You could see an ancient lich and a friendly battlesphere.

Vanquished Creatures
  An orb of fire (Depths:5)
  Mara (Vaults:5)
  5 ancient liches
  A shard shrike (shapeshifter) (Depths:2)
  A Killer Klown (Zot:5)
  Frederick (Vaults:2)
  A curse toe (Zot:4)
  Xtahua (Depths:3)
  5 golden dragons
  Jory (Vaults:4)
  6 liches
  2 electric golems (Zot:5)
  Rupert (Depths:1)
  13 tentacled monstrosities
  7 Orb Guardians (Zot:5)
  4 titans
  A deep elf blademaster (Depths:1)
  3 quicksilver dragons
  2 death cobs
  4 sphinxes
  Agnes (Depths:1)
  6 shadow dragons
  A thorn hunter (Swamp:4)
  8 tengu reavers
  10 storm dragons
  7 fire giants
  Donald (Swamp:1)
  9 nagarajas
  A draconian monk (Zot:4)
  The ghost of Pereza0 the Bludgeoner, a journeyman TrFi of Uskayaw (D:14)
  5 draconian knights
  17 vault wardens
  10 frost giants
  5 ghost moths
  An iron dragon (shapeshifter) (Depths:2)
  2 orc warlords
  Aizul (Snake:1)
  4 iron dragons
  A juggernaut zombie (Depths:4)
  2 draconian scorchers (Zot:4)
  A deep elf elementalist (Vaults:5)
  Louise (Swamp:2)
  A draconian shifter (Zot:4)
  23 very ugly things
  4 draconian annihilators
  3 war gargoyles
  16 ironheart preservers
  16 stone giants
  A draconian stormcaller (Zot:5)
  A spriggan defender (Depths:2)
  A green draconian (Zot:4)
  A juggernaut skeleton (Depths:4)
  A deep elf demonologist (Depths:4)
  6 deep elf annihilators
  A black draconian (Zot:4)
  3 purple draconians
  A dire elephant (D:15)
  4 red draconians
  3 yellow draconians
  3 white draconians
  5 spark wasps
  A deep elf death mage (Vaults:1)
  13 ettins
  A minotaur (shapeshifter) (Depths:2)
  5 crystal guardians
  2 green deaths (Swamp:4)
  5 blizzard demons (Depths:3)
  10 yaktaur captains
  8 great orbs of eyes
  A fire dragon (shapeshifter) (Depths:2)
  8 fire dragons
  38 vault guards
  4 deep elf high priests (Vaults:5)
  3 juggernaut simulacra (Depths:2)
  6 spriggan air magi
  A catoblepas (Depths:2)
  A caustic shrike simulacrum (Depths:4)
  15 naga warriors
  A rakshasa (Vaults:3)
  4 ice dragons
  8 centaur warriors
  An ice dragon (shapeshifter) (Depths:2)
  24 hydras
  15 anacondas
  4 death knights
  A ghost crab (Swamp:4)
  51 two-headed ogres
  5 death yaks
  7 deep troll shamans
  15 ogre magi
  Erica (D:10)
  8 alligators
  A satyr (shapeshifter) (Depths:1)
  3 orc high priests (Orc:2)
  4 spriggan berserkers
  7 tengu warriors
  4 dancing weapons
  15 deep troll earth magi
  5 naga sharpshooters (Snake:4)
  10 shock serpents
  A shock serpent (shapeshifter) (Vaults:5)
  Nergalle (Lair:3)
  A fire crab (shapeshifter) (Depths:3)
  Sonja (Lair:1)
  10 deep elf knights
  5 iron trolls
  A shadow wraith (Vaults:5)
  A sixfirhy (Depths:3)
  A sea snake (shapeshifter) (Depths:1)
  12 hell knights
  7 salamander mystics
  An unseen horror (shapeshifter) (Depths:4)
  7 skeletal warriors
  44 deep trolls
  4 unseen horrors
  A glowing orange brain (shapeshifter) (Depths:2)
  5 flayed ghosts
  3 glowing orange brains
  A spriggan druid (Swamp:3)
  A golden dragon zombie (Vaults:5)
  4 swamp dragons
  A sea snake (Snake:3)
  4 wizards
  A phantasmal warrior (Vaults:4)
  6 harpies (Vaults:3)
  Pikel (D:5)
  20 orc knights
  5 deep elf archers
  7 naga ritualists
  9 necromancers
  12 ironbrand convokers
  12 mana vipers
  5 lindwurms
  47 ugly things
  2 wolf spiders (shapeshifter)
  A wolf spider zombie (D:14)
  7 wolf spiders
  22 deep elf magi
  A tengu skeleton (Vaults:2)
  4 manticores
  13 salamanders
  9 orc sorcerers
  3 elephants (Lair:3)
  9 cyclopes
  A black mamba (shapeshifter) (Vaults:5)
  45 black mambas
  10 moths of wrath
  Maurice (D:8)
  29 naga magi
  13 guardian serpents
  14 vault sentinels
  A rust devil (Depths:3)
  23 spiny frogs
  A human zombie (Vaults:5)
  3 orange demons (Swamp:4)
  2 kobold demonologists
  2 gargoyles
  3 rime drakes
  45 yaktaurs
  2 elf skeletons (Vaults:5)
  3 komodo dragons
  8 freezing wraiths
  A harpy zombie (D:15)
  5 tengu conjurers
  2 red devils (Depths:3)
  9 trolls
  A jumping spider (shapeshifter) (Depths:2)
  A polar bear (Lair:6)
  3 large abominations (Swamp:4)
  A tyrant leech (Swamp:2)
  A polar bear (shapeshifter) (Vaults:3)
  A merfolk (shapeshifter) (Depths:4)
  A blink frog (shapeshifter) (Depths:4)
  10 bog bodies
  Prince Ribbit (D:5)
  3 blink frogs (Swamp:4)
  2 dream sheep (Lair:3)
  A dream sheep (shapeshifter) (Depths:2)
  16 hornets
  57 slime creatures
  9 hippogriffs
  An ettin zombie (Vaults:5)
  2 snapping turtles (shapeshifter)
  7 shadows
  2 air elementals (Depths:4)
  A spriggan (shapeshifter) (Depths:2)
  4 ynoxinuls (Depths:3)
  3 wraiths
  9 spriggans
  2 vampires
  6 wyverns (Lair:6)
  50 yaks
  3 hogs
  3 hungry ghosts
  Menkaure (D:5)
  A chaos spawn (Depths:3)
  2 steam dragons
  26 vampire mosquitoes
  A human simulacrum (Vaults:2)
  A yaktaur simulacrum (Vaults:2)
  8 basilisks
  51 nagas
  4 wargs
  A harpy simulacrum (Depths:2)
  A naga (shapeshifter) (Vaults:3)
  24 swamp worms
  14 insubstantial wisps
  2 hell hounds (Orc:2)
  2 acid dragons
  Duvessa (D:5)
  2 floating eyes
  24 water moccasins
  5 porcupines
  11 swamp drakes
  An ice beast (shapeshifter) (Vaults:5)
  50 orc warriors
  8 sky beasts
  2 slaves (D:5)
  3 black bears (shapeshifter)
  8 black bears
  3 ice beasts
  17 wolves
  43 ogres
  3 boggarts (Vaults:2)
  7 crocodiles
  10 centaurs
  Blork the orc (D:5)
  11 bullfrogs
  Dowan (D:5)
  2 glowing shapeshifter simulacra
  3 wyvern zombies
  2 wyvern skeletons
  10 scorpions
  3 killer bees (D:13)
  18 wights
  3 howler monkeys (D:9)
  An electric eel (Snake:3)
  11 crimson imps
  6 centaur zombies
  2 bullfrog zombies
  6 hounds
  4 quasits
  28 orc priests
  2 bullfrog skeletons
  2 jellies (D:2)
  4 centaur skeletons
  An iron imp (Depths:3)
  Ijyb (D:5)
  42 orc wizards
  16 worker ants
  2 killer bee zombies
  3 hound skeletons
  A howler monkey zombie (D:8)
  A worker ant zombie (D:7)
  13 gnolls
  7 adders
  2 shadow imps
  A white imp (Depths:4)
  2 ufetubi
  2 oozes
  2 adder zombies
  2 adder skeletons
  A worm (D:4)
  2 dart slugs
  6 leopard geckos
  110 orcs
  2 ball pythons
  10 giant cockroaches
  19 hobgoblins
  A hobgoblin (shapeshifter) (Vaults:4)
  5 iguanas
  7 jackals
  6 quokkas
  11 bats
  4 frilled lizards (D:1)
  24 goblins
  A goblin (shapeshifter) (Vaults:5)
  10 kobolds
  A quokka skeleton (D:6)
  3 rats
  A fungus (Lair:5)
2082 creatures vanquished.

Vanquished Creatures (others)
  2 shadow dragons
  A stone giant (Depths:3)
  A yaktaur captain (Vaults:4)
  An ogre mage (Vaults:1)
  A centaur warrior (Depths:2)
  A deep troll (Depths:5)
  An ugly thing (Vaults:2)
  4 yaktaurs
  A vampire mosquito (Swamp:1)
  An orc priest (Orc:2)
  An orc wizard (Orc:2)
  13 fungi
  33 plants
61 creatures vanquished.

Grand Total: 2143 creatures vanquished

Notes
Turn   | Place    | Note
-------+----------+-------------------------------------------
     0 | D:1      | EvilAshe the Deep Elf Earth Elementalist began the quest for the Orb.
     0 | D:1      | Reached XP level 1. HP: 10/10 MP: 6/6
   431 | D:1      | Reached XP level 2. HP: 15/15 MP: 6/8
   436 | D:1      | Learned a level 2 spell: Passwall
   981 | D:1      | Reached XP level 3. HP: 19/19 MP: 8/10
  1064 | D:1      | Learned a level 3 spell: Stone Arrow
  1333 | D:2      | Found a shimmering altar of Xom.
  1373 | D:2      | Reached XP level 4. HP: 23/24 MP: 8/12
  1515 | D:2      | Reached skill level 5 in Earth Magic
  1980 | D:2      | Found a bloodstained altar of Trog.
  1987 | D:2      | Found a shimmering altar of Xom.
  2165 | D:3      | Reached XP level 5. HP: 28/28 MP: 11/14
  2206 | D:3      | Learned a level 5 spell: Lee's Rapid Deconstruction
  2293 | D:3      | Reached skill level 5 in Spellcasting
  2613 | D:3      | Found an opulent altar of Gozag.
  2620 | D:3      | Found a sparkling altar of Nemelex Xobeh.
  2635 | D:3      | Learned a level 1 spell: Magic Dart
  2638 | D:3      | Learned a level 2 spell: Blink
  2928 | D:4      | Found Ajuobets's Book Boutique.
  2967 | D:4      | Reached XP level 6. HP: 32/32 MP: 13/16
  2993 | D:4      | Reached skill level 1 in Translocations
  3238 | D:4      | Reached skill level 1 in Fighting
  3238 | D:4      | Reached skill level 3 in Dodging
  3278 | D:4      | Found Keafur's Food Boutique.
  3524 | D:4      | Found a basalt altar of Yredelemnul.
  3578 | D:4      | Found a white marble altar of Elyvilon.
  3586 | D:4      | Became a worshipper of Elyvilon the Healer
  3646 | D:5      | Entered Level 5 of the Dungeon
  3664 | D:5      | Reached XP level 7. HP: 38/38 MP: 11/17
  3713 | D:5      | Noticed Menkaure
  3968 | D:5      | Killed Menkaure
  4307 | D:5      | Noticed Blork the orc
  4323 | D:5      | Killed Blork the orc
  4442 | D:5      | Noticed Duvessa
  4442 | D:5      | Noticed Dowan
  4475 | D:5      | Killed Duvessa
  4475 | D:5      | Reached skill level 4 in Dodging
  4577 | D:5      | Killed Dowan
  4580 | D:5      | Noticed Prince Ribbit
  4597 | D:5      | Killed Prince Ribbit
  4597 | D:5      | Reached XP level 8. HP: 45/45 MP: 7/20
  4719 | D:5      | Found a staircase to the Ecumenical Temple.
  4724 | D:5      | Noticed Ijyb
  4729 | D:5      | Killed Ijyb
  4892 | D:5      | Noticed Pikel
  5045 | D:5      | Killed Pikel
  5045 | D:5      | Reached skill level 5 in Dodging
  5213 | D:5      | Learned a level 4 spell: Petrify
  5348 | D:6      | Reached * piety under Elyvilon
  5397 | D:6      | Reached skill level 6 in Dodging
  5400 | D:6      | Reached XP level 9. HP: 51/51 MP: 13/23
  5531 | D:6      | Reached skill level 1 in Conjurations
  5808 | D:6      | Found a blossoming altar of Fedhas.
  6004 | D:7      | Reached skill level 7 in Dodging
  6204 | D:7      | Reached ** piety under Elyvilon
  6382 | D:7      | Found Maisor's Book Boutique.
  6490 | D:7      | Found a deep blue altar of Sif Muna.
  6635 | D:7      | Reached skill level 5 in Fighting
  6906 | D:8      | Noticed a two-headed ogre
  6906 | D:8      | Noticed a two-headed ogre
  6930 | D:8      | Reached XP level 10. HP: 59/59 MP: 25/25
  7048 | D:8      | Killed a two-headed ogre
  7048 | D:8      | Reached skill level 8 in Dodging
  7048 | D:8      | Reached skill level 10 in Spellcasting
  7048 | D:8      | Reached skill level 5 in Conjurations
  7277 | D:8      | Noticed a two-headed ogre
  7523 | D:8      | Noticed Maurice
  7525 | D:8      | Killed Maurice
  7919 | D:8      | Killed a two-headed ogre
  7919 | D:8      | Reached skill level 9 in Dodging
  8118 | D:9      | Reached *** piety under Elyvilon
  8160 | D:9      | Noticed a two-headed ogre
  8894 | D:9      | Reached XP level 11. HP: 65/65 MP: 28/28
  8918 | D:9      | Noticed a two-headed ogre
  8921 | D:9      | Killed a two-headed ogre
  9324 | D:10     | Entered Level 10 of the Dungeon
  9384 | D:10     | Reached skill level 10 in Dodging
  9832 | D:10     | Killed an unseen horror
  9956 | D:10     | Found a staircase to the Lair.
  9957 | D:10     | Noticed Erica
  9963 | D:10     | Killed Erica
 10370 | D:10     | Noticed a six-headed hydra
 10528 | D:10     | Found a staircase to the Orcish Mines.
 10547 | D:10     | Reached skill level 5 in Transmutations
 10767 | D:10     | Reached **** piety under Elyvilon
 10796 | D:10     | Noticed an obsidian statue
 10833 | D:10     | Reached skill level 11 in Dodging
 11158 | D:10     | Killed a six-headed hydra
 11158 | D:10     | Reached XP level 12. HP: 73/73 MP: 5/30
 11430 | D:11     | Noticed a four-headed hydra
 12414 | D:11     | Killed a four-headed hydra
 12879 | Lair:1   | Entered Level 1 of the Lair of Beasts
 12937 | Lair:1   | Reached ***** piety under Elyvilon
 13007 | Lair:1   | Noticed Sonja
 13014 | Lair:1   | Killed Sonja
 13269 | Lair:1   | Reached skill level 1 in Armour
 13495 | Lair:2   | Found the +2 ratskin cloak {+Rats rPois rN+ Str-1 Int-1 Dex+1}
 13573 | Lair:2   | Reached skill level 12 in Dodging
 14069 | Lair:2   | Noticed a five-headed hydra
 14086 | Lair:2   | Killed a five-headed hydra
 14805 | Lair:3   | Found an ancient bone altar of Kikubaaqudgha.
 14813 | Lair:3   | Noticed Nergalle
 14826 | Lair:3   | Killed Nergalle
 14966 | Lair:3   | Reached ****** piety under Elyvilon
 15197 | Lair:3   | Noticed a five-headed hydra
 15200 | Lair:3   | Killed a five-headed hydra
 15208 | Lair:3   | Noticed a seven-headed hydra
 15210 | Lair:3   | Killed a seven-headed hydra
 15210 | Lair:3   | Reached XP level 13. HP: 80/80 MP: 10/33
 15215 | Lair:3   | Found a staircase to the Snake Pit.
 16023 | Lair:4   | Found a staircase to the Swamp.
 16596 | Lair:4   | Learned a level 2 spell: Swiftness
 16608 | Lair:4   | Got a pair of jewelled gloves
 16643 | Lair:4   | Identified the +0 pair of gloves of Sin {rN+} (You found it on level 4 of the Lair of Beasts)
 17946 | Lair:4   | Reached skill level 13 in Dodging
 18613 | Lair:5   | Found a staircase to the Slime Pits.
 18613 | Lair:5   | Found a viscous altar of Jiyva.
 18937 | Lair:6   | Entered Level 6 of the Lair of Beasts
 19300 | Lair:6   | Noticed Kirke
 19666 | Lair:6   | Reached skill level 5 in Armour
 20710 | Lair:6   | Reached XP level 14. HP: 87/87 MP: 30/34
 20717 | Lair:6   | Reached skill level 10 in Transmutations
 20736 | Lair:6   | Reached skill level 10 in Fighting
 21381 | Lair:3   | Reached skill level 14 in Dodging
 22307 | Orc:1    | Entered Level 1 of the Orcish Mines
 22307 | Orc:1    | Found a flagged portal.
 22325 | Bailey   | Entered a bailey
 22868 | Bailey   | Reached skill level 1 in Shields
 23615 | Bailey   | Identified a scroll of acquirement
 23616 | Bailey   | Got a pair of pitted boots
 23617 | Bailey   | Identified the +0 pair of boots of Hadjma {Int+4} (You acquired it in a bailey)
 23708 | Bailey   | Noticed an orc warlord
 23793 | Bailey   | Killed an orc warlord
 24023 | Orc:1    | Paralysed by an orc sorcerer for 7 turns
 24223 | Orc:1    | Paralysed by an orc sorcerer for 4 turns
 24780 | Orc:2    | Entered Level 2 of the Orcish Mines
 25539 | Orc:1    | Reached skill level 10 in Earth Magic
 25798 | Orc:2    | Found a staircase to the Elven Halls.
 27027 | Orc:2    | Found Xaku's General Store.
 27027 | Orc:2    | Found Ykid's Distillery.
 27029 | Orc:2    | Found Wynaez's Antique Armour Boutique.
 27029 | Orc:2    | Found Neilo's General Store.
 27035 | Orc:2    | Bought a scroll of teleportation for 33 gold pieces
 27037 | Orc:2    | Bought a fabulously ornate robe for 165 gold pieces
 27038 | Orc:2    | Bought a scroll of acquirement for 676 gold pieces
 27038 | Orc:2    | Bought a scroll of identify for 26 gold pieces
 27038 | Orc:2    | Identified the cursed +0 robe of Hyniatiph {rPois rN+ Str+4} (You bought it in a shop on level 2 of the Orcish Mines)
 27048 | Orc:2    | Got a bloodstained helmet
 27253 | Snake:1  | Entered Level 1 of the Snake Pit
 27514 | Snake:1  | Noticed Aizul
 27607 | Swamp:1  | Entered Level 1 of the Swamp
 27704 | Swamp:1  | Reached skill level 15 in Dodging
 27861 | Swamp:1  | Reached skill level 1 in Invocations
 28878 | Swamp:1  | Identified the +1 helmet of the Dropbear {+Inv rCorr Dex+6} (You acquired it on level 2 of the Orcish Mines)
 29034 | Swamp:1  | Reached XP level 15. HP: 92/92 MP: 22/35
 29691 | Swamp:2  | Noticed Donald
 29840 | Swamp:2  | Noticed Louise
 30510 | D:12     | Reached XP level 16. HP: 90/97 MP: 10/36
 30646 | D:12     | Found a white marble altar of Elyvilon.
 31044 | D:12     | Learned a level 6 spell: Iron Shot
 32418 | Snake:1  | Killed Aizul
 33863 | Snake:1  | Reached skill level 5 in Invocations
 34211 | Snake:2  | Reached skill level 15 in Spellcasting
 34566 | Snake:2  | Noticed Nikola
 35169 | Snake:3  | Reached skill level 16 in Dodging
 35819 | Snake:3  | Noticed Bai Suzhen
 38263 | Snake:4  | Entered Level 4 of the Snake Pit
 38786 | Snake:4  | Noticed ohados's ghost (adept NaTm)
 39661 | Snake:4  | Reached XP level 17. HP: 102/102 MP: 18/38
 42482 | Snake:4  | Reached skill level 17 in Dodging
 45149 | Snake:4  | Got a serpentine rune of Zot
 45920 | Swamp:1  | Killed Donald
 46205 | Swamp:2  | Killed Louise
 46745 | Swamp:2  | Reached XP level 18. HP: 107/107 MP: 32/41
 47809 | Swamp:2  | Learned a level 5 spell: Iskenderun's Battlesphere
 47844 | Swamp:3  | Reached skill level 10 in Invocations
 48656 | Swamp:3  | Got a brightly glowing lead ring
 48657 | Swamp:3  | Identified the ring of Qudoc {rElec MR+ Str+2 Int+4 Stlth+} (You found it on level 3 of the Swamp)
 48732 | Swamp:3  | Found an ancient bone altar of Kikubaaqudgha.
 48998 | Swamp:4  | Entered Level 4 of the Swamp
 50321 | Swamp:4  | Reached skill level 10 in Armour
 50585 | Swamp:4  | Reached skill level 18 in Dodging
 50705 | Swamp:4  | Noticed a tentacled monstrosity
 50711 | Swamp:4  | Killed a tentacled monstrosity
 52039 | Swamp:4  | Got a decaying rune of Zot
 52245 | Lair:1   | Learned a level 9 spell: Shatter
 53564 | D:13     | Reached skill level 15 in Earth Magic
 54148 | D:13     | Found a gate to the Vaults.
 55048 | D:14     | Found a shadowy altar of Dithmenos.
 55134 | D:14     | Noticed Pereza0's ghost (journeyman TrFi)
 55155 | D:14     | Killed Pereza0's ghost
 55482 | D:15     | Entered Level 15 of the Dungeon
 55918 | D:15     | Found Puxkaerr's Antique Armour Emporium.
 56330 | D:15     | Reached XP level 19. HP: 113/113 MP: 27/43
 57052 | D:15     | Found a staircase to the Depths.
 57563 | Vaults:1 | Entered Level 1 of the Vaults
 59142 | Vaults:1 | Found Ibycuf's Antique Weapon Emporium.
 60174 | Vaults:1 | Reached skill level 19 in Dodging
 61357 | Vaults:2 | Noticed Frederick
 63282 | Vaults:2 | Got a crude crystal plate armour
 63318 | Vaults:2 | Found a portal to a secret trove of treasure.
 64040 | Vaults:2 | Reached XP level 20. HP: 120/120 MP: 32/45
 64204 | Vaults:2 | Killed Frederick
 64305 | Vaults:3 | Got a scorched amber ring
 64309 | Vaults:3 | Identified the ring of Arreo {Fire rN+} (You found it on level 3 of the Vaults)
 67779 | Vaults:3 | Found a staircase to the Crypt.
 68645 | Vaults:3 | Reached skill level 20 in Dodging
 69607 | Vaults:4 | Reached skill level 1 in Evocations
 69970 | Vaults:4 | Reached XP level 21. HP: 128/128 MP: 27/47
 70221 | Vaults:4 | Noticed Jory
 70237 | Vaults:4 | Killed Jory
 73341 | Depths:1 | Entered Level 1 of the Depths
 73349 | Depths:1 | Reached skill level 5 in Evocations
 73554 | Depths:1 | Found a one-way gate to the infinite horrors of the Abyss.
 73997 | Depths:1 | Noticed Rupert
 74001 | Depths:1 | Killed Rupert
 74108 | Depths:1 | Noticed Agnes
 74124 | Depths:1 | Killed Agnes
 74897 | Depths:1 | Found a gateway to Hell.
 75925 | Depths:2 | Noticed a golden dragon
 75932 | Depths:2 | Killed a golden dragon
 76956 | Depths:2 | Reached skill level 21 in Dodging
 76956 | Depths:2 | Reached XP level 22. HP: 135/135 MP: 32/48
 77102 | Depths:2 | Noticed a shard shrike
 77102 | Depths:2 | an iron dragon changed into a shard shrike
 77104 | Depths:2 | Killed a shard shrike
 79686 | Depths:3 | Found a one-way gate leading to the halls of Pandemonium.
 79907 | Depths:3 | Noticed Xtahua
 79911 | Depths:3 | Killed Xtahua
 82998 | Depths:4 | Found a gateway to a ziggurat.
 83620 | Depths:4 | Reached XP level 23. HP: 142/142 MP: 31/49
 84152 | Depths:4 | Identified Irrybb's Tome of Calling
 84723 | Depths:4 | Reached skill level 22 in Dodging
 85131 | Depths:4 | Found the +6 lightning scales {run, rElec}
 85229 | Depths:4 | Identified the Collected Works on the Flying Voyage
 85243 | Depths:4 | Learned a level 6 spell: Deflect Missiles
 85479 | Depths:4 | Reached skill level 1 in Charms
 85890 | Depths:4 | Found a radiant altar of Vehumet.
 86759 | Depths:5 | Entered Level 5 of the Depths
 87362 | Depths:4 | Reached skill level 5 in Charms
 89319 | Depths:5 | Found a gate to the Realm of Zot.
 90211 | Vaults:5 | Entered Level 5 of the Vaults
 90373 | Vaults:5 | Reached skill level 15 in Fighting
 90374 | Vaults:5 | Reached XP level 24. HP: 150/150 MP: 21/50
 90556 | Vaults:5 | Noticed Mara
 90715 | Vaults:5 | Reached skill level 23 in Dodging
 90717 | Vaults:5 | Killed Mara
 90720 | Vaults:5 | Noticed an ancient lich
 90873 | Vaults:5 | Killed an ancient lich
 92682 | Vaults:5 | Got a silver rune of Zot
 93188 | Vaults:5 | Got a wizard robe
 93190 | Vaults:5 | Identified the +3 robe "Ycitost" {-Tele MR- Int+8 SInv} (You took it off a deep elf mage on level 5 of the Vaults)
 93855 | Vaults:5 | Identified the Guide on Ghastly Calling
 94478 | Zot:1    | Entered Level 1 of the Realm of Zot
 94609 | Zot:1    | Noticed an orb of fire
 94620 | Zot:1    | Gained mutation: You expend magic power (3 MP) to strengthen your wands. [an orb of fire]
 94624 | Zot:1    | Gained mutation: You tend to lose your temper in combat. [an orb of fire]
 94625 | Zot:1    | Gained mutation: Your magical capacity is low. (-10% MP) [an orb of fire]
 94762 | Depths:5 | Killed an orb of fire
 94762 | Depths:5 | Reached skill level 24 in Dodging
 94762 | Depths:5 | Reached XP level 25. HP: 157/157 MP: 15/47
 97578 | Zot:5    | Entered Level 5 of the Realm of Zot
 98807 | Zot:5    | Noticed an ancient lich
 98820 | Zot:5    | Killed an ancient lich
 99034 | Zot:5    | Reached skill level 25 in Dodging
 99259 | Zot:5    | Noticed an ancient lich
 99264 | Zot:5    | Killed an ancient lich
 99463 | Zot:5    | Reached skill level 10 in Evocations
 99640 | Zot:5    | Noticed an ancient lich
 99646 | Zot:5    | Killed an ancient lich
100086 | Zot:5    | Noticed an ancient lich
100092 | Zot:5    | Killed an ancient lich
100111 | Zot:5    | Noticed an ancient lich
100135 | Zot:5    | Blown up by an ancient lich

Vault maps used:
D:1:      elethiomel_arrival_maze, minmay_misc_feat_four_crosses,
          minmay_tromino_v4_b
D:2:      minitemple, first_bread, dk_xom_monty_hall
D:3:      grunt_temple_overflow_opulence
D:4:      kennysheep_ying_yang, serial_shops, shop, nicolae_shop_waterfront
D:5:      minmay_temple_entry_statues_pillars, uniq_blork_the_orc,
          uniq_prince_ribbit1, uniq_duvessa, uniq_pikel, uniq_ijyb,
          uniq_menkaure
D:6:      cheibrodos_fzero, fedhas_altar_fruit_tree
D:7:      kennysheep_orc_sif_temple, serial_shops, shop_statue, the_bakery
D:8:      serial_glass, glass_columns_a, glass_columns_b, glass_columns_a,
          glass_columns_a, hangedman_decor_clover_reticule, uniq_maurice
D:9:      uniq_erica
D:10:     minmay_statue_hallways, minmay_lair_entry_grove, serial_glass,
          glass_columns_b, glass_columns_a, glass_columns_b, glass_columns_a,
          lightli_fourway_metalbox
D:12:     lemuel_statue_altar
D:13:     grunt_vaults_entry_fortified
D:14:     nicolae_dithmenos_through_a_glass_darkly
D:15:     hangedman_depths_entry_try_elsewhere_first, serial_shops, shop,
          minmay_misc_feat_room
Lair:1:   uniq_sonja
Lair:2:   grunt_megastairs_2
Lair:3:   wad_woods_settlement, guppyfry_snake_entry_garden, lemuel_oklob_altar,
          lemuel_fruit_fields, uniq_nergalle
Lair:4:   swamp_mist, columned_hall_lemuel, grunt_megastairs_1,
          serial_bayou_shore_a
Lair:5:   slime_altar_1
Lair:6:   hangedman_lair_tendril_chambers, guppyfry_lair_drakes, uniq_kirke
Swamp:1:  nicolae_swamp_very_dense_foliage
Swamp:2:  hangedman_swamp_ruin_wall, swamp_pool5, infiniplex_staircase_pool,
          uniq_donald, uniq_louise
Swamp:3:  basic_altar, swamp_pool5, lightli_tree_ring
Swamp:4:  swamp_vile
Snake:1:  uniq_aizul
Snake:2:  uniq_nikola
Snake:3:  cheibrodos_snake_lava_hold, nicolae_snake_linked_coils,
          nicolae_snake_shapes, uniq_bai_suzhen
Snake:4:  snake_pit_salamanders_mu, grunt_ministairs_5, spider_trap,
          nrook_guardian_serpent_double
Orc:1:    enter_bailey_2
Orc:2:    grunt_orc_tribal_feast, enter_volcano_3
Vaults:1: grunt_vaults_hallway_long, ontoclasm_vaults_ligature,
          vaults_dpeg_encased_lava, vaults_room_grid, nicolae_vaults_little_ls,
          v_alt_pattern_6, nicolae_vaults_asterisk,
          ontoclasm_vaults_loading_screen, serial_shops, shop_statue
Vaults:2: nicolae_vaults_shelves_hall, nicolae_vaults_diagonal_hallway_6,
          ontoclasm_vaults_gateway, hangedman_vaults_pinch,
          vaults_room_door_ring, nicolae_vaults_shelves_hall, v_rooms_2,
          nicolae_vaults_theta, grunt_vaults_hallway_short, vaults_room_boxed,
          hangedman_vaults_impose, grunt_vaults_hallway_long,
          nicolae_vaults_asterisk, vaults_mumra_lcd, vaults_room_corners,
          vaults_room_grunt_arrival_ludios, nicolae_vaults_little_squares_5,
          nicolae_trove_entry_diagonal, uniq_frederick
Vaults:3: nicolae_vaults_little_squares_5, minmay_crypt_entry_simple_walls,
          nicolae_vaults_rhombus_6, vaults_room_semicircle, v_pattern_1,
          dpeg_vaults_monster_row, hangedman_vaults_nodes,
          ontoclasm_vaults_loading_screen, nicolae_vaults_hallways_thing,
          vaults_mumra_minichess_inversion, hangedman_vaults_hat,
          ontoclasm_vaults_twist, ontoclasm_vaults_shuriken, v_misc_22,
          nicolae_vaults_holding_cells, nicolae_vaults_little_squares_1
Vaults:4: nicolae_vaults_quadrants, ontoclasm_vaults_hangar,
          vaults_room_hallway, nicolae_vaults_circle_grid_b, v_misc_9,
          nicolae_vaults_twisting_passages, vaults_dpeg_ring,
          vaults_room_door_ring, vaults_mumra_hex, v_pattern_5, v_misc_14,
          uniq_jory
Vaults:5: serial_shops, uniq_mara
Depths:1: minmay_strange_pillars, pf_dread_powers_of_hell, abyss_entry,
          serial_sigils_hangedman_clutch, sword_in_stone
Depths:2: hangedman_crystal_crosses_colossus, hell_entry, abyss_entry
Depths:3: cheibrodos_quadrivalence, hell_entry, patterned_corridor,
          grunt_pan_entry_zigzag, basic_stair_grate_trap,
          minmay_staircase_bubble, uniq_xtahua
Depths:4: minmay_the_grid_octo_tiled_squarecenter, enter_ziggurat_f,
          minmay_stone_trees_small, grunt_pan_entry_in_and_out,
          hangedman_coc_ice_floe, hangedman_abyss_entry_splay,
          infiniplex_staircase_zigzag_3
Depths:5: evilmike_zot_entry_diamond, hell_entry,
          infiniplex_enter_wizlab_glasses, serial_shops, bzr_firewalk,
          hangedman_decor_peaks_small
Zot:1:    kennysheep_bubbly
Zot:2:    kennysheep_spiral_hall
Zot:3:    guppyfry_library_mini, lemuel_elevator, basic_stair_grate_trap
Zot:5:    basic_stair_grate_trap, uniq_tiamat
Bailey:   bailey_axe_minmay_hex_keep, bailey

Skill      XL: |  1  2  3  4  5  6  7  8  9 10 11 12 13 14 15 16 17 18 19 20 21 22 23 24 25 |
---------------+----------------------------------------------------------------------------+-----
Earth Magic    | 4 5 6 7 8 9 11 12 13 15 17 19 20 21 22 | 22.0
Spellcasting   | 4 5 6 8 9 11 12 14 15 17 18 19 20 21 23 24 | 24.2
Translocations | 1 |  1.0
Fighting       | 1 2 3 5 6 7 8 9 10 11 12 13 14 15 16 | 16.8
Dodging        | 3 4 6 7 9 11 12 13 15 16 17 18 19 20 21 22 24 25 | 25.3
Conjurations   | 4 6 |  6.7
Transmutations | 5 7 9 10 | 10.1
Armour         | 2 5 6 8 9 10 | 10.0
Shields        | 4 |  4.0
Invocations    | 3 7 9 10 12 | 12.5
Evocations     | 1 6 8 9 10 | 10.4
Charms         | 6 |  6.2
Stealth        | |  2.4
Air Magic      | |  0.5

Action                   |  1- 3 |  4- 6 |  7- 9 | 10-12 | 13-15 | 16-18 | 19-21 | 22-24 | 25-27 || total
-------------------------+-------+-------+-------+-------+-------+-------+-------+-------+-------++-------
Melee: Club              |    11 |       |       |       |       |       |       |       |       ||    11
       Whip              |     2 |    16 |    51 |     6 |       |       |       |       |       ||    75
       Staff             |       |       |       |     6 |    28 |    25 |     1 |    72 |   122 ||   254
       Battleaxe         |       |       |       |       |       |       |       |       |    18 ||    18
 Cast: Sandblast         |    48 |    60 |   101 |   134 |   272 |   209 |   144 |   150 |    24 ||  1142
       Lee's Rapid Decon |       |     3 |     8 |    34 |    73 |   102 |   166 |    74 |    15 ||   475
       Stone Arrow       |       |     4 |    39 |   230 |   500 |   945 |   387 |   274 |     8 ||  2387
       Magic Dart        |       |     1 |     2 |     2 |     4 |       |       |       |       ||     9
       Petrify           |       |       |       |     9 |    22 |    11 |     1 |       |       ||    43
       Blink             |       |       |       |     4 |     2 |     1 |     4 |     3 |       ||    14
       Swiftness         |       |       |       |       |     1 |       |     1 |     1 |       ||     3
       Iron Shot         |       |       |       |       |       |   128 |   229 |   250 |   126 ||   733
       Iskenderun's Batt |       |       |       |       |       |    68 |   150 |   121 |    30 ||   369
       Shatter           |       |       |       |       |       |       |       |    37 |    10 ||    47
       Deflect Missiles  |       |       |       |       |       |       |       |     3 |     1 ||     4
Invok: Heal Other        |       |       |       |       |     1 |       |       |       |       ||     1
       Greater Healing   |       |       |       |       |       |     2 |       |       |     3 ||     5
 Abil: Evoke Invisibilit |       |       |       |       |       |       |     3 |    20 |    15 ||    38
       Evoke Ratskin     |       |       |       |       |       |       |       |     1 |       ||     1
Evoke: Wand              |       |       |       |     1 |     7 |    10 |     3 |    16 |     9 ||    46
  Use: Scroll            |     1 |     5 |     6 |    16 |    15 |    18 |     3 |    14 |     9 ||    87
       Potion            |       |       |       |       |     4 |     1 |     1 |     1 |     4 ||    11
 Stab: Sleeping          |       |     2 |       |       |       |       |       |       |       ||     2
       Petrified         |       |       |       |       |     2 |       |       |       |       ||     2
       Paralysed         |       |       |       |       |       |       |       |     8 |       ||     8
  Eat: Chunk             |     1 |     8 |     8 |    23 |    36 |    37 |    45 |    22 |     7 ||   187
       Meat ration       |       |       |     1 |       |       |     3 |     1 |     7 |     3 ||    15
       Fruit             |       |       |       |     2 |    11 |    14 |     7 |     4 |     4 ||    42
       Royal jelly       |       |       |       |     1 |     1 |     8 |     3 |     4 |     1 ||    18
Armor: Robe              |    10 |     9 |    29 |     1 |       |     7 |       |       |       ||    56
       Steam dragon scal |       |       |       |    30 |   147 |   168 |    55 |   131 |   150 ||   681
Dodge: Dodged            |    26 |    16 |    79 |    91 |   468 |   788 |   343 |   620 |   579 ||  3010
       Deflected         |       |       |       |       |       |       |       |    14 |    13 ||    27
Block: Buckler           |       |       |       |       |    73 |   332 |   173 |   350 |   245 ||  1173
       Reflection        |       |       |       |       |       |    20 |    55 |    20 |       ||    95
       Other             |       |       |       |       |       |       |       |       |    10 ||    10

Table legend:
 A = Spawn XP
 B = Non-spawn XP
 C = Spawn XP percentage of total XP
 D = Spawn monster count
 E = Non-spawn monster count
 F = Spawn count percentage of total count
 G = Total turns spent on level
                    A         B        C        D         E        F      G
               +---------+---------+-------+---------+---------+-------+---------
         Total |       0 | 1237482 |   0.0 |       0 |    2090 |   0.0 | 100135
               +---------+---------+-------+---------+---------+-------+---------
           D:1 |       0 |      41 |   0.0 |       0 |      25 |   0.0 |  1065
           D:2 |       0 |     143 |   0.0 |       0 |      25 |   0.0 |  1004
           D:3 |       0 |     117 |   0.0 |       0 |      21 |   0.0 |   762
           D:4 |       0 |     368 |   0.0 |       0 |      15 |   0.0 |   815
           D:5 |       0 |    1713 |   0.0 |       0 |      14 |   0.0 |  1569
           D:6 |       0 |    1433 |   0.0 |       0 |      36 |   0.0 |   798
           D:7 |       0 |    1822 |   0.0 |       0 |      35 |   0.0 |  1272
           D:8 |       0 |    3638 |   0.0 |       0 |      27 |   0.0 |  1165
           D:9 |       0 |    3191 |   0.0 |       0 |      21 |   0.0 |   935
          D:10 |       0 |    9619 |   0.0 |       0 |      54 |   0.0 |  3021
          D:11 |       0 |    6670 |   0.0 |       0 |      50 |   0.0 |  1212
          D:12 |       0 |    5100 |   0.0 |       0 |      34 |   0.0 |  1335
          D:13 |       0 |   20427 |   0.0 |       0 |      56 |   0.0 |  2925
          D:14 |       0 |    6892 |   0.0 |       0 |      22 |   0.0 |  1109
          D:15 |       0 |   21432 |   0.0 |       0 |      58 |   0.0 |  2439
        Lair:1 |       0 |    1869 |   0.0 |       0 |       6 |   0.0 |   813
        Lair:2 |       0 |    3326 |   0.0 |       0 |      14 |   0.0 |  1492
        Lair:3 |       0 |    9453 |   0.0 |       0 |      23 |   0.0 |  2018
        Lair:4 |       0 |    6593 |   0.0 |       0 |      20 |   0.0 |  1990
        Lair:5 |       0 |    7125 |   0.0 |       0 |      24 |   0.0 |  1715
        Lair:6 |       0 |   15659 |   0.0 |       0 |      56 |   0.0 |  2187
       Swamp:1 |       0 |   13725 |   0.0 |       0 |      38 |   0.0 |  2861
       Swamp:2 |       0 |   12662 |   0.0 |       0 |      31 |   0.0 |  1759
       Swamp:3 |       0 |   16521 |   0.0 |       0 |      51 |   0.0 |  2385
       Swamp:4 |       0 |   26672 |   0.0 |       0 |      50 |   0.0 |  1652
       Snake:1 |       0 |   13944 |   0.0 |       0 |      30 |   0.0 |  2906
       Snake:2 |       0 |   14356 |   0.0 |       0 |      26 |   0.0 |  1625
       Snake:3 |       0 |   26720 |   0.0 |       0 |      59 |   0.0 |  3425
       Snake:4 |       0 |   72224 |   0.0 |       0 |     108 |   0.0 |  6294
         Orc:1 |       0 |    4851 |   0.0 |       0 |      40 |   0.0 |  1951
         Orc:2 |       0 |    6466 |   0.0 |       0 |      43 |   0.0 |  1066
      Vaults:1 |       0 |   40112 |   0.0 |       0 |      71 |   0.0 |  3545
      Vaults:2 |       0 |   51419 |   0.0 |       0 |      75 |   0.0 |  3702
      Vaults:3 |       0 |   77434 |   0.0 |       0 |     132 |   0.0 |  4008
      Vaults:4 |       0 |  107744 |   0.0 |       0 |     125 |   0.0 |  5148
      Vaults:5 |       0 |  150306 |   0.0 |       0 |     125 |   0.0 |  2820
      Depths:1 |       0 |   40725 |   0.0 |       0 |      53 |   0.0 |  3486
      Depths:2 |       0 |   77137 |   0.0 |       0 |      62 |   0.0 |  3705
      Depths:3 |       0 |   60617 |   0.0 |       0 |      74 |   0.0 |  3296
      Depths:4 |       0 |   79565 |   0.0 |       0 |      76 |   0.0 |  3556
      Depths:5 |       0 |   63484 |   0.0 |       0 |      52 |   0.0 |  2922
         Zot:1 |       0 |   14735 |   0.0 |       0 |       8 |   0.0 |   508
         Zot:3 |       0 |    2680 |   0.0 |       0 |       3 |   0.0 |   627
         Zot:4 |       0 |   46517 |   0.0 |       0 |      25 |   0.0 |  2350
         Zot:5 |       0 |   85075 |   0.0 |       0 |      28 |   0.0 |  1259
        Bailey |       0 |    5160 |   0.0 |       0 |      69 |   0.0 |  1597
               +---------+---------+-------+---------+---------+-------+---------
